ORI
UNIVERSITY OF MINNESOTA GOLDEN GOPHERS @ MISSISSIPPI STATE UNIVERSITY BULLDOGS
11/15/2048
 
TOP OF THE 1ST
University of Conneticut Huskies batting - Pitching for Florida State University Seminoles : RHP Jeff Blakeney
Pitching: RHP Jeff Blakeney
Batting: LHB Hector Acosta 0-0: Called Strike
0-1: Ball
1-1: Ball
2-1: Ground out 4-3 (Groundball, 34, EV 106.2 MPH)
Batting: RHB Kyle Finney 0-0: Foul Ball, location: 2F
0-1: Ball
1-1: Ball
2-1: Foul Ball, location: 2F
2-2: Ball
3-2: SINGLE (Groundball, 4MD, EV 99.4 MPH)
Batting: LHB Greg James 0-0: Ball
1-0: Fielders Choice at 2nd, 5-4 (Groundball, 56S, EV 78.8 MPH)
Batting: RHB Jordan Nicholas 0-0: Foul Ball, location: 2F
0-1: Ball
1-1: Ground out 1-3 (Groundball, 13, EV 71.2 MPH)
Top of the 1st over - 0 runs, 1 hit, 0 errors, 1 left on base; University of Conneticut 0 - Florida State University 0
BOTTOM OF THE 1ST
Florida State University Seminoles batting - Pitching for University of Conneticut Huskies : LHP William Garcia
Pitching: LHP William Garcia
Batting: RHB Larry Berge 0-0: Foul Ball, location: 2F
0-1: Ball
1-1: Ball
2-1: Foul Ball, location: 2F
2-2: Fly out, F7 (Flyball, 78M, EV 94.4 MPH)
Batting: RHB Butch Huskey 0-0: Foul Ball, location: 2F
0-1: Ball
1-1: Swinging Strike
1-2: Ball
2-2: Strikes out swinging
Batting: RHB Ray Johnson 0-0: Ball
1-0: TRIPLE (Flyball, 9LD, EV 96.9 MPH)
Batting: LHB Ethan Ware 0-0: Ball
1-0: Ball
2-0: Ball
3-0: Called Strike
3-1: Called Strike
3-2: Ground out 3-1 (Groundball, 34, EV 83.1 MPH)
Bottom of the 1st over - 0 runs, 1 hit, 0 errors, 1 left on base; University of Conneticut 0 - Florida State University 0
TOP OF THE 2ND
University of Conneticut Huskies batting - Pitching for Florida State University Seminoles : RHP Jeff Blakeney
Batting: LHB Andrew Barzee 0-0: Ball
1-0: Called Strike
1-1: Fly out, F8 (Flyball, 78D, EV 87.5 MPH)
Batting: RHB Cullen Elliott 0-0: Called Strike
0-1: Called Strike
0-2: Foul Ball, location: 2F
0-2: Ball
1-2: Foul Ball, location: 2F
1-2: Ball
2-2: Ball
3-2: Base on Balls
Batting: RHB Jack Vokey 0-0: Swinging Strike
0-1: Grounds into double play, 6-4-3 (Groundball, 6, EV 108.1 MPH)
Top of the 2nd over - 0 runs, 0 hits, 0 errors, 0 left on base; University of Conneticut 0 - Florida State University 0
BOTTOM OF THE 2ND
Florida State University Seminoles batting - Pitching for University of Conneticut Huskies : LHP William Garcia
Batting: RHB Emilio Guerra 0-0: Swinging Strike
0-1: Ball
1-1: Ball
2-1: Foul Ball, location: 2F
2-2: Strikes out swinging
Batting: RHB Tony Valdez 0-0: Ball
1-0: Called Strike
1-1: Ball
2-1: Swinging Strike
2-2: Strikes out looking
Batting: RHB Ed Vilches 0-0: Called Strike
0-1: Swinging Strike
0-2: Ball
1-2: Strikes out swinging
Bottom of the 2nd over - 0 runs, 0 hits, 0 errors, 0 left on base; University of Conneticut 0 - Florida State University 0
TOP OF THE 3RD
University of Conneticut Huskies batting - Pitching for Florida State University Seminoles : RHP Jeff Blakeney
Batting: RHB Lee Wilbur 0-0: Ball
1-0: Foul Ball, location: 2F
1-1: Swinging Strike
1-2: Ball
2-2: Strikes out looking
Batting: RHB Roku Kawano 0-0: Called Strike
0-1: Foul Ball, location: 2F
0-2: Foul Ball, location: 2F
0-2: Ball
1-2: Foul Ball, location: 2F
1-2: Ground out 6-3 (Groundball, 6, EV 96.2 MPH)
Batting: LHB Hector Acosta 0-0: Fly out, F5 (Popup, 56, EV 73.1 MPH)
Top of the 3rd over - 0 runs, 0 hits, 0 errors, 0 left on base; University of Conneticut 0 - Florida State University 0
BOTTOM OF THE 3RD
Florida State University Seminoles batting - Pitching for University of Conneticut Huskies : LHP William Garcia
Batting: RHB Ruben Moreno 0-0: Ball
1-0: Foul Ball, location: 2F
1-1: Called Strike
1-2: Ball
2-2: Foul Ball, location: 2F
2-2: Foul Ball, location: 2F
2-2: Foul Ball, location: 2F
2-2: Foul Ball, location: 2F
2-2: Ground out 4-3 (Groundball, 34, EV 89.4 MPH)
Batting: RHB Terry Cisneros 0-0: Swinging Strike
0-1: Called Strike
0-2: Ball
1-2: Ball
2-2: Strikes out swinging
Batting: RHB Larry Berge 0-0: Swinging Strike
0-1: Called Strike
0-2: Foul Ball, location: 2F
0-2: Strikes out swinging
Bottom of the 3rd over - 0 runs, 0 hits, 0 errors, 0 left on base; University of Conneticut 0 - Florida State University 0
TOP OF THE 4TH
University of Conneticut Huskies batting - Pitching for Florida State University Seminoles : RHP Jeff Blakeney
Batting: RHB Kyle Finney 0-0: Ball
1-0: SINGLE (Groundball, 6S, EV 95.0 MPH)
Batting: LHB Greg James 0-0: Ball
Wild Pitch!
Kyle Finney to second
1-0: Foul Ball, location: 2F
1-1: Called Strike
1-2: Ball
2-2: Ground out 6-3 (Groundball, 6, EV 88.1 MPH)
Batting: RHB Jordan Nicholas 0-0: Ball
1-0: Foul Ball, location: 2F
1-1: Foul Ball, location: 2F
1-2: Ground out 4-3 (Groundball, 4, EV 83.1 MPH)
Kyle Finney to third
Batting: LHB Andrew Barzee 0-0: Swinging Strike
0-1: Foul Ball, location: 2F
0-2: Ball
1-2: Ball
2-2: Strikes out swinging
Top of the 4th over - 0 runs, 1 hit, 0 errors, 1 left on base; University of Conneticut 0 - Florida State University 0
BOTTOM OF THE 4TH
Florida State University Seminoles batting - Pitching for University of Conneticut Huskies : LHP William Garcia
Batting: RHB Butch Huskey 0-0: Fly out, F4 (Popup, 4MD, EV 55.6 MPH)
Batting: RHB Ray Johnson 0-0: Ball
1-0: Fly out, F3 (Line Drive, 3, EV 70.0 MPH)
Batting: LHB Ethan Ware 0-0: Ball
1-0: Foul Ball, location: 2F
1-1: Swinging Strike
1-2: Ball
2-2: Strikes out swinging
Bottom of the 4th over - 0 runs, 0 hits, 0 errors, 0 left on base; University of Conneticut 0 - Florida State University 0
TOP OF THE 5TH
University of Conneticut Huskies batting - Pitching for Florida State University Seminoles : RHP Jeff Blakeney
Batting: RHB Cullen Elliott 0-0: Ball
1-0: Ball
2-0: Called Strike
2-1: Ground out 4-3 (Groundball, 4, EV 85.0 MPH)
Batting: RHB Jack Vokey 0-0: Called Strike
0-1: Swinging Strike
0-2: Foul Ball, location: 2F
0-2: Ball
1-2: Foul Ball, location: 2F
1-2: Ball
2-2: Strikes out looking
Batting: RHB Lee Wilbur 0-0: Called Strike
0-1: Ball
1-1: Fly out, F5 (Line Drive, 5L, EV 65.0 MPH)
Top of the 5th over - 0 runs, 0 hits, 0 errors, 0 left on base; University of Conneticut 0 - Florida State University 0
BOTTOM OF THE 5TH
Florida State University Seminoles batting - Pitching for University of Conneticut Huskies : LHP William Garcia
Batting: RHB Emilio Guerra 0-0: Called Strike
0-1: Fly out, F8 (Flyball, 89D, EV 101.2 MPH)
Batting: RHB Tony Valdez 0-0: Called Strike
0-1: Ball
1-1: Ball
2-1: Foul Ball, location: 2F
2-2: Ball
3-2: Base on Balls
Batting: RHB Ed Vilches 0-0: Called Strike
0-1: Ball
1-1: DOUBLE (Flyball, 8LD, EV 105.0 MPH)
Tony Valdez to third
Batting: RHB Ruben Moreno 0-0: Foul Ball, location: 2F
0-1: Ball
1-1: Ball
2-1: Foul Ball, location: 2F
2-2: Ball
3-2: DOUBLE (Flyball, 8RD, EV 106.9 MPH)
Tony Valdez scores
Ed Vilches scores
Pitching: RHP Jordan Watkins
Batting: RHB Terry Cisneros 0-0: Ball
1-0: Called Strike
1-1: Swinging Strike
1-2: Strikes out swinging
Batting: RHB Larry Berge 0-0: Ball
1-0: Ground out 5-3 (Groundball, 56, EV 86.2 MPH)
Bottom of the 5th over - 2 runs, 2 hits, 0 errors, 1 left on base; University of Conneticut 0 - Florida State University 2
TOP OF THE 6TH
University of Conneticut Huskies batting - Pitching for Florida State University Seminoles : RHP Jeff Blakeney
Batting: RHB Roku Kawano 0-0: Ball
1-0: Ball
2-0: Ground out 1-3 (Groundball, P, EV 66.9 MPH)
Batting: LHB Hector Acosta 0-0: Ground out 6-3 (Groundball, 6, EV 92.5 MPH)
Batting: RHB Kyle Finney 0-0: Foul Ball, location: 2F
0-1: SINGLE (Groundball, 6MD, EV 94.4 MPH)
Pitching: LHP Dan Monk
Pinch Hitting: RHB Victor Nava 0-0: Ball
1-0: Ball
2-0: Ball
3-0: Called Strike
3-1: Called Strike
3-2: Strikes out swinging
Top of the 6th over - 0 runs, 1 hit, 0 errors, 1 left on base; University of Conneticut 0 - Florida State University 2
BOTTOM OF THE 6TH
Florida State University Seminoles batting - Pitching for University of Conneticut Huskies : RHP Jordan Watkins
Now in CF: Victor Nava
Batting: RHB Butch Huskey 0-0: Ground out 5-3 (Groundball, 56S, EV 68.1 MPH)
Batting: RHB Ray Johnson 0-0: Foul Ball, location: 2F
0-1: Swinging Strike
0-2: Ball
1-2: Foul Ball, location: 2F
1-2: Foul Ball, location: 2F
1-2: Strikes out swinging
Batting: LHB Ethan Ware 0-0: Ball
1-0: Ball
2-0: Swinging Strike
2-1: Foul Ball, location: 2F
2-2: Ground out 4-3 (Groundball, 4, EV 106.9 MPH)
Bottom of the 6th over - 0 runs, 0 hits, 0 errors, 0 left on base; University of Conneticut 0 - Florida State University 2
TOP OF THE 7TH
University of Conneticut Huskies batting - Pitching for Florida State University Seminoles : LHP Dan Monk
Batting: RHB Jordan Nicholas 0-0: Foul Ball, location: 2F
0-1: Fly out, F5 (Popup, 5SF, EV 79.4 MPH)
Batting: LHB Andrew Barzee 0-0: Called Strike
0-1: Swinging Strike
0-2: Strikes out swinging
Batting: RHB Cullen Elliott 0-0: Ball
1-0: Ball
2-0: Called Strike
2-1: Ground out 4-3 (Groundball, 4, EV 82.5 MPH)
Top of the 7th over - 0 runs, 0 hits, 0 errors, 0 left on base; University of Conneticut 0 - Florida State University 2
BOTTOM OF THE 7TH
Florida State University Seminoles batting - Pitching for University of Conneticut Huskies : RHP Jordan Watkins
Batting: RHB Emilio Guerra 0-0: Called Strike
0-1: Ball
1-1: Ball
2-1: Fly out, F9 (Line Drive, 9S, EV 92.5 MPH)
Batting: RHB Tony Valdez 0-0: Called Strike
0-1: Ball
1-1: Fly out, F2 (Popup, 2RF, EV 91.9 MPH)
Pinch Hitting: LHB Matt Stewart 0-0: Ball
1-0: Called Strike
1-1: Swinging Strike
1-2: Fly out, F9 (Flyball, 89M, EV 91.2 MPH)
Bottom of the 7th over - 0 runs, 0 hits, 0 errors, 0 left on base; University of Conneticut 0 - Florida State University 2
TOP OF THE 8TH
University of Conneticut Huskies batting - Pitching for Florida State University Seminoles : LHP Dan Monk
Pitching: LHP Nick Linkletter
Now at 2B: Jon Odle
Batting: RHB Jack Vokey 0-0: Ball
1-0: Foul Ball, location: 2F
1-1: Called Strike
1-2: Ground out 2-3 (Groundball, 2L, EV 72.5 MPH)
Batting: RHB Lee Wilbur 0-0: Ball
1-0: Ball
2-0: Swinging Strike
2-1: Called Strike
2-2: Foul Ball, location: 2F
2-2: Strikes out swinging
Batting: RHB Roku Kawano 0-0: Ball
1-0: Called Strike
1-1: Swinging Strike
1-2: Strikes out swinging
Top of the 8th over - 0 runs, 0 hits, 0 errors, 0 left on base; University of Conneticut 0 - Florida State University 2
BOTTOM OF THE 8TH
Florida State University Seminoles batting - Pitching for University of Conneticut Huskies : RHP Jordan Watkins
Batting: RHB Ruben Moreno 0-0: Ball
1-0: Ball
2-0: Fly out, F6 (Line Drive, 6, EV 70.6 MPH)
Pinch Hitting: LHB Jeff Shields 0-0: Ball
1-0: Ball
2-0: Called Strike
2-1: Ground out U3 (Groundball, 3L, EV 87.5 MPH)
Batting: RHB Larry Berge 0-0: Ball
1-0: Ball
2-0: Ball
3-0: Base on Balls
Batting: RHB Butch Huskey 0-0: Called Strike
Larry Berge is caught stealing 2nd base 2-4
Bottom of the 8th over - 0 runs, 0 hits, 0 errors, 0 left on base; University of Conneticut 0 - Florida State University 2
TOP OF THE 9TH
University of Conneticut Huskies batting - Pitching for Florida State University Seminoles : LHP Nick Linkletter
Pitching: RHP John Scott
Now at 1B: John Welsh
Batting: LHB Hector Acosta 0-0: Ball
1-0: SINGLE (Groundball, 4D, EV 105.0 MPH)
Batting: RHB Kyle Finney 0-0: Swinging Strike
0-1: Swinging Strike
0-2: Grounds into double play, 4-6-3 (Groundball, 4S, EV 88.1 MPH)
Pinch Hitting: RHB Paul Pastrano 0-0: Called Strike
0-1: Ball
1-1: Swinging Strike
1-2: Strikes out looking
Top of the 9th over - 0 runs, 1 hit, 0 errors, 0 left on base; University of Conneticut 0 - Florida State University 2
Tuesday, March 28th , 2023 - OOTP Baseball 23.10 Build 110